 Dungeon Crawl Stone Soup version 0.28.0-53-g5a82cb258f (webtiles) character file.

Game seed: 12664581103390164102

1772 H0rd4k the Charlatan (level 9, -1/65 HPs)
             Began as a Human Artificer on Aug 11, 2022.
             Was an Initiate of Gozag.
             Slain by a hornet (5 damage)
             ... on level 7 of the Dungeon.
             The game lasted 00:09:55 (8344 turns).

H0rd4k the Charlatan (Human Artificer)              Turns: 8344, Time: 00:09:56

Health: -1/65      AC:  6    Str: 13    XL:     9   Next: 28%
Magic:  14/14      EV: 13    Int: 15    God:    Gozag
Gold:   186        SH:  0    Dex: 14    Spells: 15/15 levels left

rFire   + . .      SeeInvis .   s - +4 dagger (spect)
rCold   x . .      Faith    .   (no shield)
rNeg    . . .      Spirit   .   b - +0 leather armour
rPois   .          Reflect  .   g - +1 helmet
rElec   .          Harm     .   w - +0 cloak
rCorr   .          Rampage  .   (no gloves)
Will    .....                   (no boots)
Stlth   +.........              (no amulet)
HPRegen 0.20/turn               v - ring of fire
MPRegen 0.14/turn               (no ring)

@: lethally poisoned (-1 -> -3), about to teleport, slowed, studying Bows, very
slow
A: no striking features
a: Renounce Religion, Potion Petition, Call Merchant, Bribe Branch


You were on level 7 of the Dungeon.
You worshipped Gozag.
Gozag was aware of your devotion.
You visited 2 branches of the dungeon, and saw 8 of its levels.
You also visited: Sewer.

You collected 311 gold pieces.
You paid 125 gold pieces to Gozag.

Inventory:

Hand Weapons
 a - a +0 club
 d - a +1 dagger of electrocution
 q - a +0 mace
 s - a +4 spectral dagger (weapon)
Missiles
 c - a throwing net
 h - 6 poisoned darts (quivered)
 y - 6 silver javelins
Armour
 b - a +0 leather armour (worn)
 g - a +1 helmet (worn)
 w - a +0 cloak (worn)
Magical Staves
 i - a staff of cold
Jewellery
 v - a ring of fire (left hand)
Scrolls
 k - a scroll of magic mapping {unknown}
 l - 2 scrolls of vulnerability
 t - a scroll of identify {unknown}
 z - a scroll of enchant weapon {unknown}
Potions
 j - 2 potions of curing {unknown}
 m - a potion of lignification {unknown}
 n - a potion of magic {unknown}
 o - 3 potions of heal wounds {unknown}
 p - a potion of brilliance {unknown}
 r - a potion of mutation {unknown}
 u - a potion of cancellation {unknown}
 x - a potion of flight {unknown}
Miscellaneous
 e - a piece from Xom's chessboard (12/15)


   Skills:
 + Level 4.0 Fighting
 + Level 5.1 Short Blades
 + Level 2.9 Maces & Flails
 - Level 2.0 Armour
 + Level 5.3 Dodging
 - Level 1.0 Stealth
 * Level 3.8 Spellcasting
 + Level 5.8 Evocations


You had 15 spell levels left.
You didn't know any spells.
Your spell library contained the following spells:

 Spells                   Type           Power      Damage    Failure   Level
 Sublimation of Blood     Necr           2%         N/A       34%         2
 Wereblood                Tmut           2%         N/A       34%         2
 Summon Hydra             Summ           1%         N/A       100%        7


Dungeon Overview and Level Annotations

Branches:
Dungeon (7/15)             Temple (1/1) D:7           Sewer (visited)

Altars:
Ashenzari
Cheibriados
Dithmenos
Gozag
Nemelex Xobeh
Okawaru
Sif Muna
Trog
Uskayaw
Vehumet
Zin
The Shining One

Annotations:
D:2 exclusion: downstairs
D:3 Natasha
D:6 exclusion: upstairs


Message History

Found a stone staircase leading down.
A hornet comes into view.
A hornet is nearby!
A hornet is nearby!
You make a move on Xom's chessboard...
The hornet seems to speed up.
You make a move on Xom's chessboard...
The hornet resists with significant effort.
You make a move on Xom's chessboard...
The hornet flickers and vanishes!
Deactivating autopickup; reactivate with Ctrl-A.
Something stings you!
You feel yourself slow down.
Unknown command.
As you read the scroll of teleportation, it crumbles to dust.
You feel strangely unstable.
You feel yourself speed up. Something stings you!
You are poisoned.
You feel yourself slow down. Something completely misses you.
Something stings you but does no damage.
You feel very sick. Something stings you.
You feel as though you will be slow longer.
Something stings you but does no damage.
Something stings you.
You feel as though you will be slow longer.
Your surroundings seem slightly different.
You feel very sick.
You feel sick.
Something stings you but does no damage.
Something stings you!
You feel as though you will be slow longer.
Something stings you but does no damage. x2
As you read the scroll of teleportation, it crumbles to dust.
You feel strangely unstable.
You feel sick.
Something stings you but does no damage. x3
You feel sick. Something stings you!
* * * LOW HITPOINT WARNING * * *
You feel as though you will be slow longer.
Something stings you.
You die...
Your body crumbles into a pile of gold.

..#.....# ..
..#.....##############..
$
.>#.....................
..#.....................
..#.....................
..#.....................
###.....................
..#.....................
..#.............@.......
..#.....................
..#.....................
..#.....................
..#.....................
..#.....................
..#.....................
..#...............>.....
..#................


There were no monsters in sight!

Vanquished Creatures
  4 yaks (D:6)
  2 water moccasins
  A hornet zombie (D:6)
  2 ogres
  A scorpion (D:7)
  A water moccasin skeleton (D:5)
  4 wights (D:6)
  3 hounds
  2 iguanas
  Natasha (D:3)
  An orc wizard (D:5)
  A killer bee zombie (D:5)
  2 river rats
  6 adders
  A white imp (D:6)
  2 ufetubi
  A worm (D:2)
  3 dart slugs
  6 orcs
  An endoplasm (D:1)
  2 giant cockroaches (D:4)
  3 goblins
  3 hobgoblins
  3 jackals (Sewer)
  3 kobolds
  3 quokkas
  6 ball pythons
  2 bats
  A frilled lizard (D:2)
  3 rats
74 creatures vanquished.

Vanquished Creatures (collateral kills)
  An orc priest (D:4)
  A river rat (D:4)
  A dart slug (D:4)
  4 orcs (D:3)
  A hobgoblin (D:2)
  A quokka (D:4)
  A ball python (D:4)
  2 kobolds (D:4)
  3 rats
15 creatures vanquished.

Vanquished Creatures (others)
  A black bear (D:4)
  An orc priest (D:4)
  An iguana (D:4)
  An orc wizard (D:4)
  An orc (D:3)
  A goblin (D:1)
  10 plants
16 creatures vanquished.

Grand Total: 105 creatures vanquished

Notes
Turn   | Place    | Note
-------+----------+-------------------------------------------
     0 | D:1      | H0rd4k the Human Artificer began the quest for the Orb.
     0 | D:1      | Reached XP level 1. HP: 15/15 MP: 1/1
   496 | D:1      | Reached XP level 2. HP: 15/21 MP: 2/2
  1250 | D:1      | Found a faded altar of an unknown god.
  1572 | D:2      | Reached XP level 3. HP: 16/26 MP: 3/3
  2479 | D:2      | Reached skill level 1 in Maces & Flails
  2723 | D:2      | Reached XP level 4. HP: 32/32 MP: 4/4
  2777 | D:3      | Noticed Natasha
  2859 | D:3      | Killed Natasha
  2998 | D:3      | Noticed Natasha
  3063 | D:4      | Noticed an ogre
  3107 | D:4      | Killed an ogre
  3108 | D:4      | Reached XP level 5. HP: 22/38 MP: 5/5
  3308 | D:4      | Found a glowing drain.
  3364 | Sewer    | Entered a sewer
  3532 | Sewer    | Noticed a water moccasin
  3542 | Sewer    | Killed a water moccasin
  3543 | Sewer    | Reached skill level 1 in Spellcasting
  3543 | Sewer    | Reached XP level 6. HP: 29/44 MP: 5/7
  3874 | D:4      | Found a broken altar of Ashenzari.
  3972 | D:4      | Noticed a black bear
  4276 | D:4      | Reached skill level 5 in Evocations
  4276 | D:4      | Reached XP level 7. HP: 44/51 MP: 8/8
  4505 | D:4      | Reached skill level 1 in Short Blades
  4983 | D:5      | Entered Level 5 of the Dungeon
  5774 | D:6      | Found a radiant altar of Vehumet.
  6022 | D:6      | Reached XP level 8. HP: 57/57 MP: 11/11
  6567 | D:6      | Noticed a yak
  6567 | D:6      | Noticed a yak
  6567 | D:6      | Noticed a yak
  6567 | D:6      | Noticed a yak
  6575 | D:6      | Killed a yak
  6608 | D:6      | Killed a yak
  6703 | D:6      | Killed a yak
  6755 | D:6      | Killed a yak
  6756 | D:6      | Reached XP level 9. HP: 17/64 MP: 12/14
  7435 | D:6      | Found a shimmering blue altar of Sif Muna.
  7447 | D:6      | Reached skill level 5 in Dodging
  7816 | D:7      | Found a staircase to the Ecumenical Temple.
  7866 | Temple   | Entered the Ecumenical Temple
  8018 | Temple   | Became a worshipper of Gozag Ym Sagoz the Greedy
  8213 | D:7      | Reached skill level 5 in Short Blades
  8333 | D:7      | Noticed a hornet
  8344 | D:7      | Slain by a hornet

Illustrated notes

Levels and vault maps discovered:
D:1:      dpeg_arrival_snail, layout_loops_ring,
          dilly_ecumenical_altar_fadedgnrine
D:2:      layout_loops_corners, minmay_misc_feat_diagonals
D:3:      layout_basic, uniq_natasha, uniq_sigmund
D:4:      layout_basic, kennysheep_mini, portal_sewer_entry_a,
          hangedman_glass_garden, dk_rats_in_the_wall
D:5:      layout_loops_ring, uniq_eustachio
D:6:      layout_loops_corners, kennysheep_little_box, old_standard_altar,
          solitary_fountain, minmay_misc_feat_x, serial_bayou_pond_c
D:7:      layout_gridville, minmay_temple_entry_stoned_glass
Temple:   dpeg_three_leaves_temple

Skill      XL: |  1  2  3  4  5  6  7  8  9 |
---------------+----------------------------+-----
Maces & Flails | 1 2 |  2.9
Evocations     | 4 5 |  5.8
Dodging        | 2 3 4 5 |  5.3
Fighting       | 2 3 4 |  4.0
Spellcasting   | 1 2 3 |  3.8
Short Blades   | 2 4 5 |  5.1
Armour         | |  2.0
Stealth        | |  1.0

Action                   |  1- 3 |  4- 6 |  7- 9 || total
-------------------------+-------+-------+-------++-------
Melee: Club              |   113 |       |       ||   113
       Dagger            |       |    92 |   207 ||   299
       Punch             |       |     1 |     5 ||     6
Evoke: Wand              |     8 |    13 |     9 ||    30
       Piece from Xom's  |       |       |     3 ||     3
  Use: Scroll            |       |       |     9 ||     9
 Stab: Sleeping          |     2 |       |       ||     2
       Distracted        |       |       |     2 ||     2
Armor: Leather armour    |    32 |    35 |    44 ||   111
Dodge: Dodged            |    81 |    75 |   123 ||   279
